 Dungeon Crawl Stone Soup version 0.21-a0-84-g85d6d27 (webtiles) character file.

1962 nikopol the Cleaver (level 9, -3/117 HPs)
             Began as a Minotaur Berserker on June 24, 2017.
             Was a High Priest of Trog.
             Splashed by a jelly's acid (4 damage)
             ... on level 6 of the Dungeon.
             The game lasted 00:12:36 (5234 turns).

nikopol the Cleaver (Minotaur Berserker)            Turns: 5234, Time: 00:12:37

Health: -3/117     AC: -12   Str: 27    XL:     9   Next: 0%
Magic:  8/8        EV: 13    Int:  4    God:    Trog [*****.]
Gold:   234        SH:  0    Dex: 13    Spells: 8/8 levels left

rFire    . . .     SeeInvis .   a - +1 hand axe
rCold    . . .     Gourm    .   (no shield)
rNeg     . . .     Faith    .   o - +1 scale mail
rPois    .         Spirit   .   (helmet restricted)
rElec    .         Reflect  .   l - +0 cloak (curse)
rCorr    .         Harm     .   (no gloves)
MR       .....                  y - +0 pair of boots
Stlth    ..........             (no amulet)
HPRegen  0.29/turn              (no ring)
MPRegen  0.11/turn              (no ring)

@: berserking, corroded, very quick
A: retaliatory headbutt, horns 2
a: Berserk, Trog's Hand, Brothers in Arms, Burn Spellbooks, Renounce Religion


You were on level 6 of the Dungeon.
You worshipped Trog.
Trog was extremely pleased with you.
You were hungry.

You visited 1 branch of the dungeon, and saw 6 of its levels.
You also visited: Sewer.

You collected 234 gold pieces.

Inventory:

Hand Weapons
 a - a +1 hand axe (weapon)
Missiles
 w - 35 arrows (quivered)
Armour
 b - a +0 animal skin
 l - a cursed +0 cloak (worn)
 o - a +1 scale mail (worn)
 y - a +0 pair of boots (worn)
Jewellery
 h - an uncursed ring of positive energy {unknown}
Scrolls
 e - 2 scrolls of amnesia
 i - 4 scrolls of remove curse
 j - a scroll of enchant armour
 m - a scroll of fog {unknown}
 t - 4 scrolls of teleportation
 v - 2 scrolls of identify
Potions
 d - a potion of berserk rage {unknown}
 f - a potion of agility {unknown}
 g - 3 potions of brilliance {unknown}
 k - a potion of invisibility {unknown}
 p - a potion of resistance {unknown}
 q - 4 potions of heal wounds
 r - 2 potions of mutation {unknown}
 s - 7 potions of curing {unknown}
 x - a potion of flight {unknown}
 z - 4 potions of might {unknown}
 A - 2 potions of lignification {unknown}
 C - a potion of degeneration {unknown}
Comestibles
 c - 3 bread rations
 n - 3 meat rations
 u - a royal jelly
 B - a chunk of flesh


   Skills:
 + Level 6.8 Fighting
 + Level 10.3 Axes
 + Level 7.0 Armour
 + Level 4.7 Dodging
 + Level 1.0 Stealth


You had 8 spell levels left.
You didn't know any spells.

Dungeon Overview and Level Annotations

Branches:
Dungeon (6/15)             Temple (0/1) D:5

Altars:
Elyvilon
Fedhas
Hepliaklqana
Sif Muna

Shops:
D:5 :


Innate Abilities, Weirdness & Mutations

You reflexively headbutt those who attack you in melee.
You have a pair of horns on your head.


Message History

You hit the jelly but do no damage.
Your hands burn!
* * * LOW HITPOINT WARNING * * *
The jelly is severely wounded.
You barely miss the jelly.
The jelly is severely wounded.
The jelly closely misses you.
You hit the jelly but do no damage.
Your hands burn!
* * * LOW HITPOINT WARNING * * *
The jelly is severely wounded.
The jelly hits you.
* * * LOW HITPOINT WARNING * * *
The acid corrodes you!
You are splashed with acid!
The acid burns!
* * * LOW HITPOINT WARNING * * *
A red film seems to cover your vision as you go berserk!
You feel yourself moving faster!
You feel mighty!
You are feeling hungry.
The jelly barely misses you. You furiously retaliate!
You headbutt the jelly, but do no damage.
You hit the jelly but do no damage.
Your hands burn!
You die...

#.###############
##.....#.....#....
. #.....J@>......#
#.#
..........>$...#
..
...............#.#
.......[.........#
.............<.###
...............#
#.............##
###############


You could see a jelly.

Vanquished Creatures
  A hippogriff (D:5)
  The ghost of anet the Slasher, an amateur MiMo (D:3)
  A sky beast (D:5)
  A phantom (D:5)
  3 ogres
  3 big kobolds (Sewer)
  A scorpion (D:4)
  2 howler monkeys (D:4)
  A crimson imp (D:5)
  A centaur zombie (D:5)
  7 orc wizards
  2 orc priests (D:5)
  2 worker ants (D:4)
  A hound skeleton (D:5)
  13 gnolls
  12 adders
  A howler monkey skeleton (D:4)
  10 river rats (Sewer)
  An adder skeleton (D:5)
  4 worms (D:4)
  A dart slug (D:1)
  2 leopard geckos
  12 orcs
  9 ball pythons
  5 giant cockroaches
  4 goblins
  9 hobgoblins
  15 jackals
  2 quokkas
  4 bats
  3 frilled lizards
  20 kobolds
  23 rats
177 creatures vanquished.

Notes
Turn   | Place    | Note
-------+----------+-------------------------------------------
     0 | D:1      | nikopol the Minotaur Berserker began the quest for the Orb.
     0 | D:1      | Reached XP level 1. HP: 19/19 MP: 0/0
    45 | D:1      | Reached skill level 4 in Axes
   202 | D:1      | Reached XP level 2. HP: 27/27 MP: 1/1
   700 | D:2      | Reached XP level 3. HP: 33/33 MP: 2/2
   753 | D:2      | Reached ** piety under Trog
  1136 | D:3      | Noticed anet's ghost (amateur MiMo)
  1137 | D:3      | Reached skill level 5 in Axes
  1167 | D:3      | Killed anet's ghost
  1167 | D:3      | Reached skill level 6 in Axes
  1167 | D:3      | Reached XP level 4. HP: 41/41 MP: 3/3
  1167 | D:3      | Reached XP level 5. HP: 47/47 MP: 4/4
  1422 | D:3      | Reached skill level 5 in Fighting
  1426 | D:3      | Found a hazy altar of Hepliaklqana.
  1426 | D:3      | Found a white marble altar of Elyvilon.
  1426 | D:3      | Found a blossoming altar of Fedhas.
  1748 | D:3      | Found a deep blue altar of Sif Muna.
  1769 | D:3      | Reached XP level 6. HP: 55/56 MP: 5/5
  1947 | D:3      | Reached *** piety under Trog
  2019 | D:4      | Found a glowing drain.
  2022 | Sewer    | Entered a sewer
  2290 | Sewer    | Reached skill level 7 in Axes
  2595 | Sewer    | Reached XP level 7. HP: 56/61 MP: 6/6
  2716 | Sewer    | Reached **** piety under Trog
  3116 | D:4      | Reached skill level 8 in Axes
  3231 | D:4      | Reached skill level 5 in Armour
  3406 | D:4      | Reached XP level 8. HP: 67/70 MP: 7/7
  3957 | D:5      | Entered Level 5 of the Dungeon
  3963 | D:5      | Noticed a hippogriff
  3972 | D:5      | Reached skill level 9 in Axes
  3978 | D:5      | Killed a hippogriff
  4264 | D:5      | Found Tiwacepp's Book Emporium.
  4453 | D:5      | Found Qaasihod's General Store.
  4473 | D:5      | Reached skill level 10 in Axes
  4575 | D:5      | Reached skill level 1 in Stealth
  4660 | D:5      | Found a staircase to the Ecumenical Temple.
  4928 | D:5      | Reached ***** piety under Trog
  4928 | D:5      | Received a gift from Trog
  4928 | D:5      | Reached XP level 9. HP: 56/78 MP: 8/8
  5232 | D:6      | HP: 1/78 [acid (9)]
  5234 | D:6      | Splashed by a jelly's acid

Vault maps used:
D:1:      matt_arrival_diagonals
D:3:      gammafunk_temple_overflow_forgotten, led_sif_pool
D:4:      first_bread, cheibrodos_sewer_entry_bend
D:5:      cheibrodos_fzero, minmay_temple_entry_large_hall, serial_shops,
          kennysheep_mini_moat, shop
D:6:      lemuel_coloured_pillars_altar, enter_ossuary_3, minivault_11,
          uniq_duvessa, uniq_prince_ribbit1, uniq_menkaure
Sewer:    sewer_minmay_treatment

Skill      XL: |  1  2  3  4  5  6  7  8 |
---------------+-------------------------+-----
Axes           | 4 6 7 8 10 | 10.3
Fighting       | 4 5 6 |  6.8
Armour         | 3 4 5 7 |  7.0
Dodging        | 3 4 |  4.7
Stealth        | 1 |  1.0

Action                   |  1- 3 |  4- 6 |  7- 9 || total
-------------------------+-------+-------+-------++-------
Melee: Hand axe          |    70 |   152 |   228 ||   450
       Headbutt          |    13 |    23 |    48 ||    84
Invok: Berserk           |     1 |     1 |     2 ||     4
       Burn Spellbooks   |       |       |     1 ||     1
  Use: Scroll            |       |     9 |     2 ||    11
  Eat: Chunk             |     1 |     6 |     8 ||    15
       Royal jelly       |       |       |     1 ||     1
Armor: Animal skin       |    10 |       |       ||    10
       Scale mail        |    13 |    47 |    76 ||   136
Dodge: Dodged            |    44 |   111 |   136 ||   291
